 Dungeon Crawl Stone Soup version 0.30-a0-571-gdf30a72648 (webtiles) character file.

Game seed: 183370512951279218

1821870 freelancePsychic the Conqueror (level 27, 199/199 HPs)
             Began as a Gargoyle Fighter on Dec 29, 2022.
             Was the Champion of Cheibriados.
             Escaped with the Orb
             ... and 3 runes!
             The game lasted 01:53:30 (57295 turns).

freelancePsychic the Conqueror (Gargoyle Fighter)  Turns: 57295, Time: 01:53:31

Health: 199/199    AC: 61    Str: 33      XL:     27
Magic:  37/37      EV: 31    Int: 24 (26) God:    Cheibriados [******]
Gold:   5491       SH: 24    Dex: 42      Spells: 26/26 levels left

rFire   + + .      SeeInvis .    b - +8 sacred scourge (holy)
rCold   + + .      Faith    .    l - +5 kite shield {rC+ rF+}
rNeg    + . .      Spirit   .    p - +3 shadow dragon scales "Utasink" {rF+ rC+ Stlth++++}
rPois   ∞          Reflect  .    R - +2 helmet
rElec   +          Harm     .    Z - +2 cloak of Darkness {Will+ Dex+5}
rCorr   .          Rampage  .    j - +2 pair of gloves {Dex+3}
Will    +++..                    m - +2 pair of boots
Stlth   +++                      v - amulet of regeneration
HPRegen 1.33/turn                y - +4 ring of slaying
MPRegen 0.25/turn                Y - +4 ring of slaying

@: flying, very slow
A: sickness immunity, AC +20, big wings, negative energy resistance 1,
electricity resistance, torment resistance 1, petrification resistance,
deterioration 1, weak 2, subdued magic 1
0: Orb of Zot
}: 3/15 runes: serpentine, barnacled, abyssal
a: Renounce Religion, Bend Time, Temporal Distortion, Slouch, Step From Time


You escaped.
You worshipped Cheibriados.
Cheibriados was exalted by your worship.
You visited 10 branches of the dungeon, and saw 47 of its levels.
You visited the Abyss 4 times.
You also visited: Sewer and Desolation.

You collected 8654 gold pieces.
You spent 3163 gold pieces at shops.

Inventory:

Hand Weapons
 b - a +8 sacred scourge of holy wrath (weapon)
Missiles
 J - 22 curare-tipped darts (quivered)
 V - 5 throwing nets
Armour
 j - a +2 pair of gloves of dexterity (worn)
 l - a +5 kite shield of resistance (worn)
 m - a +2 pair of boots (worn)
 p - the +3 shadow dragon scales "Utasink" (worn) {rF+ rC+ Stlth++++}
   (You found it on level 4 of the Shoals)

   rF:        It protects you from fire.
   rC:        It protects you from cold.
   Stlth:     It makes you much more stealthy.
 R - a +2 helmet (worn)
 Z - the +2 cloak of Darkness (worn) {Will+ Dex+5}
   (You found it in the Desolation of Salt)

   Dex:       It affects your dexterity (+5).
   Will:      It increases your willpower.
Jewellery
 a - a +5 ring of evasion
 g - the ring "Woaq Xen" {Contam rF+ rC+ rN+ rCorr}
   (You took it off an ironbound convoker in the Desolation of Salt)

   [ring of positive energy]

   rF:        It protects you from fire.
   rC:        It protects you from cold.
   rN:        It protects you from negative energy.
   Contam:    It causes magical contamination when unequipped.
   rCorr:     It protects you from acid and corrosion.
 v - an amulet of regeneration (around neck)
 y - a +4 ring of slaying (left hand)
 A - a ring of wizardry
 H - the amulet of Lusisch {RegenMP rN++ Int+2}
   (You took it off a deep elf annihilator on level 3 of the Elven Halls)

   [amulet of magic regeneration]

   It increases your rate of magic regeneration.
   Int:       It affects your intelligence (+2).
   rN:        It greatly protects you from negative energy.
 I - a +5 ring of evasion
 Q - the amulet of Ocieh {Reflect rF+ Dex+2 SH+5}
   (You took it off a deep elf demonologist on level 3 of the Elven Halls)

   [amulet of reflection]

   It reflects blocked missile attacks.
   Dex:       It affects your dexterity (+2).
   rF:        It protects you from fire.
   SH:        It affects your SH (+5).
 T - a ring of protection from fire
 U - an amulet of the acrobat
 Y - a +4 ring of slaying (right hand)
Wands
 r - a wand of polymorph (9)
 C - a wand of iceblast (27)
 D - a wand of digging (4)
 F - a wand of charming (41)
 K - a wand of flame (63)
 S - a wand of acid (24)
Scrolls
 c - a scroll of magic mapping
 i - 30 scrolls of identify {@r1}
 o - 11 scrolls of vulnerability
 s - 19 scrolls of teleportation {@r4}
 u - 9 scrolls of fear
 x - 7 scrolls of fog
 E - 8 scrolls of amnesia
 G - 7 scrolls of blinking
 M - a scroll of silence
 N - 4 scrolls of torment
 P - 6 scrolls of immolation
 W - 2 scrolls of poison
Potions
 d - a potion of might
 e - 3 potions of heal wounds {@q2}
 f - 8 potions of lignification
 k - 23 potions of curing {@q1}
 q - 8 potions of brilliance
 t - 10 potions of mutation
 w - 2 potions of magic
 L - 4 potions of berserk rage
 O - 5 potions of ambrosia
Miscellaneous
 n - a tin of tremorstones (2/2)
 z - a condenser vane
 X - a phial of floods


   Skills:
 O Level 27 Fighting
 - Level 16.0 Maces & Flails
 - Level 22.0 Armour
 - Level 16.3 Dodging
 - Level 9.8 Stealth
 - Level 16.0 Shields
 - Level 20.0 Invocations
 + Level 14.8 Evocations


You had 26 spell levels left.
You didn't know any spells.
Your spell library contained the following spells:

 Spells                   Type           Power      Damage    Failure   Level
 Apportation              Tloc           0%         N/A       45%         1
 Magic Dart               Conj           0%         1d3       45%         1
 Necrotise                Necr           0%         1d4       45%         1
 Sandblast                Erth           0%         2d4       45%         1
 Summon Small Mammal      Summ           0%         N/A       45%         1
 Blink                    Tloc           0%         N/A       58%         2
 Ensorcelled Hibernation  Hex/Ice        0%         N/A       58%         2
 Passwall                 Tmut/Erth      0%         N/A       58%         2
 Poisonous Vapours        Pois/Air       0%         N/A       58%         2
 Searing Ray              Conj           0%         2d4       58%         2
 Call Canine Familiar     Summ           0%         N/A       83%         3
 Ignite Poison            Fire/Tmut/Pois 0%         N/A       83%         3
 Inner Flame              Hex/Fire       0%         N/A       83%         3
 Kindle Blastsparks       Fire/Tloc/Air  0%         2d10      83%         3
 Mephitic Cloud           Conj/Pois/Air  0%         N/A       83%         3
 Ozocubu's Armour         Ice            0%         N/A       83%         3
 Stone Arrow              Conj/Erth      0%         3d7       83%         3
 Summon Guardian Golem    Hex/Summ       0%         N/A       83%         3
 Swiftness                Air            0%         N/A       83%         3
 Vampiric Draining        Necr           0%         2d6       83%         3
 Vhi's Electric Charge    Tloc/Air       0%         N/A       83%         3
 Animate Dead             Necr           0%         N/A       99%         4
 Dispel Undead            Necr           0%         3d6       99%         4
 Flame Wave               Conj/Fire      0%         2d4       99%         4
 Fulminant Prism          Conj/Hex       0%         3d5       99%         4
 Iskenderun's Mystic Bla  Conj/Tloc      0%         2d3       99%         4
 Manifold Assault         Tloc           0%         N/A       99%         4
 Petrify                  Tmut/Erth      0%         N/A       99%         4
 Sticky Flame             Conj/Fire      0%         2d3       99%         4
 Agony                    Necr           0%         N/A       100%        5
 Arcjolt                  Conj/Air       0%         1d10      100%        5
 Blade Hands              Tmut           0%         N/A       100%        5
 Borgnjor's Vile Clutch   Necr/Erth      0%         N/A       100%        5
 Freezing Cloud           Conj/Ice/Air   0%         6-21      100%        5
 Irradiate                Conj/Tmut      0%         3d11      100%        5
 Iskenderun's Battlesphe  Conj           0%         2d6       100%        5
 Lee's Rapid Deconstruct  Erth           0%         3d4*      100%        5
 Metabolic Englaciation   Hex/Ice        0%         N/A       100%        5
 Yara's Violent Unravell  Hex/Tmut       0%         3d3       100%        5
 Death Channel            Necr           0%         N/A       100%        6
 Iron Shot                Conj/Erth      0%         9d1       100%        6
 Simulacrum               Ice/Necr       0%         N/A       100%        6
 Dragon Form              Tmut           0%         N/A       100%        7
 Enfeeble                 Hex            0%         N/A       100%        7
 Ozocubu's Refrigeration  Ice            0%         4d7       100%        7
 Spellforged Servitor     Conj/Summ      0%         N/A       100%        7
 Storm Form               Tmut/Air       0%         N/A       100%        7
 Infestation              Necr           0%         N/A       100%        8
 Maxwell's Capacitive Co  Air            0%         ∞         100%        8
 Fire Storm               Conj/Fire      0%         5d1       100%        9
 Polar Vortex             Ice            0%         N/A       100%        9
 Cigotuvi's Dreadful Rot  Necr/Pois/Air  Unusable   N/A       N/A         2
 Statue Form              Tmut/Erth      Unusable   N/A       N/A         6

Dungeon Overview and Level Annotations

Branches:
Dungeon (15/15)            Temple (1/1) D:6            Lair (5/5) D:11
 Shoals (4/4) Lair:2        Snake (4/4) Lair:2        Slime (0/5) Lair:5
    Orc (2/2) D:10            Elf (3/3) Orc:2        Vaults (4/5) D:13
  Crypt (0/3) Vaults:2     Depths (4/4) D:15            Zot (5/5) Depths:4
  Sewer (visited)         Desolation (visited)

Altars:
Cheibriados
Dithmenos
Gozag
Hepliaklqana
Kikubaaqudgha
Makhleb
Nemelex Xobeh
Okawaru
Sif Muna
Trog
Uskayaw
Vehumet
Wu Jian
Yredelemnul
The Shining One
Jiyva
Lugonu

Shops:
D:2 !   D:4 [   D:15 *!([   Orc:2 ([*=   Shoals:1 *([*   Shoals:2 !
Snake:1 ::=   Snake:4 (**   Vaults:2 [

Portals:
Hell: Depths:1 Depths:2 Depths:3 Depths:4
Abyss: Depths:2 Depths:3
Pandemonium: Depths:1
Ziggurat: Depths:3

Annotations:
D:5 3 runed translucent doors, Bravis's ghost, novice DjTm; Pooter's ghost, novice TrFi
D:8 Maggie
Lair:3 exclusion: oklob plant
Shoals:1 Jorgrun
Shoals:2 2 transporters, Wiyr's ghost, adept DsHW
Shoals:3 1 transporter, Zugaegat's ghost, journeyman DEDe
Elf:2 3 runed translucent doors
Vaults:2 1 transporter
Depths:1 3 runed translucent doors, Janeylunn's ghost, veteran GnWn
Depths:2 Mennas
Zot:1 4 transporters


Innate Abilities, Weirdness & Mutations

You are immune to sickness and miasma.
Your stone body is resilient. (AC +20)
You are immune to poison.
Your large and strong wings let you fly.
You resist negative energy. (rN+)
You are resistant to electric shocks. (rElec)
You are resistant to unholy torment.
You are immune to petrification.
Your body sometimes deteriorates upon taking damage.
You are very weak. (Str -4)
Your spells are a little easier to cast, but a little less powerful.


Message History

The sixfirhy convulses!!
You kill the sixfirhy!
Cheibriados thoroughly appreciates the change of pace.
No target in view!
No target in view!
No target in view!
No target in view!
No target in view!
No target in view!
No target in view!
No target in view!
No target in view!
No target in view!
No target in view!
No target in view!
No target in view!
No target in view!
No target in view!
No target in view!
No target in view!
No target in view!
No target in view!
No target in view!
No target in view!
No target in view!
No target in view!
No target in view!
No target in view!
No target in view!
No target in view!
(D) Dungeon (T) Temple (L) Lair (A) Shoals (P) Snake Pit (M) Slime Pits (O) Orcish Mines (E) Elven Halls (V) Vaults (C) Crypt (U) Depths (H) Hell (Z) Zot
Where to? (Enter - D:1 @ (x,y), ? - help) HP restored.
There is an open door here.
Your magic seems less tainted.
There is a staircase leading out of the dungeon here.
You have escaped!

#.....##.#.).)..#......#..######.
......+.....)...#................
.#....####.....###.....#.........
...............# #............##.
............[.## ##...........##.
...##########'#####'############.
###..### ##.....## ###..##'
#....### ##.....## ###.......
#......####...@...####.........
#........##.......##...........
######.....###.....###.....###...
...# #.....# ###'### #......##...
...# #....## ##.## ##..........
...# #....# ###...### #.....#####
...# #...####.......####....# #
...###...##...........##....# #
....##..#....######.....#...#####


There were no monsters in sight!

Vanquished Creatures
  2 dread liches (Zot:5)
  An ancient lich (Zot:5)
  9 orbs of fire
  7 Killer Klowns (Zot:5)
  Vashnia (Snake:2)
  5 curse toes
  7 golden dragons
  A bone dragon (Depths:4)
  Nikola (Depths:1)
  4 electric golems
  A Tzitzimitl (D:13)
  A hellephant (Depths:3)
  A Hell Sentinel (D:6)
  28 Orb Guardians
  Asterion (Elf:2)
  An Ice Fiend (Zot:5)
  2 liches
  16 tentacled monstrosities
  2 deep elf blademasters (Elf:3)
  3 deep elf master archers (Elf:3)
  A walking frostbound tome (Depths:3)
  7 quicksilver dragons
  A kraken (Shoals:3)
  12 death cobs
  2 tentacled starspawn (Abyss:3)
  Agnes (Elf:1)
  3 tengu reavers
  Gastronok (Lair:3)
  10 shadow dragons
  Kirke (D:13)
  10 draconian monks
  14 storm dragons
  6 nagarajas
  3 deep elf sorcerers
  2 daevas (Depths:2)
  A demonspawn warmonger (D:1)
  6 draconian knights
  6 fire giants
  4 balrugs
  2 frost giants
  10 vault wardens
  A ghost moth (Zot:3)
  5 orc warlords
  An iron dragon (Depths:4)
  9 draconian scorchers
  2 angels (Depths:2)
  9 deep elf elementalists (Elf:3)
  9 draconian shifters
  4 draconian stormcallers
  3 imperial myrmidons (Desolation)
  10 ironbound preservers
  2 reapers
  7 draconian annihilators
  8 stone giants
  9 ironbound thunderhulks
  17 very ugly things
  7 deep elf demonologists
  13 green draconians
  2 vampire knights
  20 black draconians
  11 white draconians
  8 deep elf annihilators
  3 spark wasps (Depths:3)
  18 red draconians
  Nessos (D:13)
  13 purple draconians
  15 yellow draconians
  A halazid warlock (Desolation)
  7 dire elephants
  An ettin (shapeshifter) (D:13)
  12 ettins
  5 deep elf death magi
  A green death (Abyss:2)
  6 crystal guardians
  4 ragged hierophants (Desolation)
  Snorg (Lair:3)
  3 merfolk impalers (Shoals:4)
  3 jiangshi (Depths:2)
  2 merfolk javelineers (Shoals:4)
  2 entropy weavers
  6 salamander tyrants
  8 fire dragons
  11 yaktaur captains
  4 deep elf high priests
  8 great orbs of eyes
  4 rakshasas
  A hell beast (Zot:5)
  7 ice dragons
  3 servants of whispers (Desolation)
  5 catoblepae
  6 hydras
  9 two-headed ogres
  9 peacekeepers
  2 ogre magi
  5 spriggan air magi
  8 vault guards
  10 ironbound frosthearts
  A death knight (D:11)
  12 anacondas
  15 centaur warriors
  4 alligator snapping turtles
  14 dancing weapons
  3 merfolk avatars
  6 boulder beetles
  3 death yaks (Lair:5)
  A spriggan skeleton (Depths:3)
  4 tengu warriors
  9 merfolk aquamancers
  A satyr (Shoals:3)
  A vampire mage (Depths:2)
  6 deep troll earth magi
  5 deep troll shamans
  12 naga warriors
  10 shock serpents
  4 orc high priests (Orc:2)
  3 thrashing horrors
  5 spriggan berserkers
  4 spriggans
  15 deep elf knights
  5 wretched stars (Abyss:3)
  Sonja (Lair:2)
  13 hell knights
  20 naga sharpshooters
  Amaemon (Lair:2)
  2 sixfirhies
  8 sun demons
  8 skeletal warriors
  A fire crab (Vaults:3)
  A shadow wraith (Abyss:3)
  5 cherubim (Depths:2)
  16 sea snakes
  7 salamander mystics
  33 deep trolls
  9 lindwurms
  A flayed ghost (Depths:3)
  A swamp dragon (Vaults:3)
  17 deep elf archers
  6 glowing orange brains
  2 phantasmal warriors (Depths:1)
  3 naga ritualists
  9 wizards
  16 harpies
  21 ironbound convokers
  3 necromancers
  12 orc knights
  12 large abominations (Abyss:3)
  25 deep elf zephyrmancers
  12 mana vipers
  31 deep elf pyromancers
  5 orc sorcerers (Orc:2)
  19 manticores
  9 fauns
  56 ugly things
  A manticore (shapeshifter) (D:11)
  17 salamanders
  13 cyclopes
  38 black mambas
  5 merfolk sirens
  4 orange demons
  2 fire giant skeletons (Depths:3)
  28 moths of wrath
  A centaur zombie (D:15)
  11 guardian serpents
  16 vault sentinels
  4 elephants (Lair:5)
  5 water nymphs
  3 smoke demons
  19 naga magi
  2 centaur skeletons (D:15)
  20 cane toads
  3 gargoyles
  A demonic crawler (D:4)
  6 rime drakes
  2 kobold demonologists
  2 unseen horrors
  11 komodo dragons
  41 yaktaurs
  5 tengu conjurers
  5 efreet
  2 ancient zymes (Abyss:3)
  11 trolls
  2 polar bears (shapeshifter)
  2 hornets (shapeshifter)
  29 merfolk
  A meliai (shapeshifter) (D:13)
  3 meliai (D:13)
  49 saltlings (Desolation)
  A polar bear (Lair:4)
  8 wind drakes
  26 blink frogs
  32 slime creatures
  4 hornets
  7 snapping turtles
  5 dream sheep
  A centaur simulacrum (D:15)
  3 air elementals
  A spriggan (shapeshifter) (Elf:1)
  A jumping spider (Vaults:4)
  2 shadows
  8 starcursed masses (Abyss:3)
  8 wyverns
  8 water elementals
  2 fire elementals
  73 yaks
  A ynoxinul (D:9)
  2 hogs (D:13)
  4 wraiths
  9 basilisks
  3 redbacks (D:15)
  7 neqoxecs (Abyss:3)
  A vampire mosquito (D:13)
  An acid dragon (D:11)
  2 wargs (Orc:1)
  A harpy simulacrum (Abyss:3)
  41 nagas
  13 water moccasins
  A meliai simulacrum (D:15)
  3 ice beasts (D:5)
  40 orc warriors
  Pargi (Sewer)
  2 sky beasts (D:7)
  13 ogres
  11 wolves (Lair:1)
  3 boggarts (Vaults:1)
  16 centaurs
  3 phantoms
  5 kobold brigands
  16 bullfrogs
  7 gnoll sergeants (D:10)
  2 necrophages (D:6)
  4 earth elementals
  2 scorpions (D:5)
  4 small abominations
  12 wights
  14 killer bees
  4 howler monkeys
  2 lava snakes (D:12)
  2 jellies (D:4)
  A quasit (Abyss:3)
  3 hounds
  3 gnoll boudas
  18 orc priests
  2 iguanas
  20 orc wizards
  Robin (D:4)
  17 gnolls
  8 adders
  A white imp (Abyss:3)
  3 worms
  4 dart slugs
  76 orcs
  9 ball pythons
  14 endoplasms
  5 giant cockroaches
  12 goblins
  5 hobgoblins
  A jackal (D:1)
  22 kobolds
  5 quokkas
  17 bats
  4 frilled lizards
  4 rats (D:1)
  2 tentacles
2149 creatures vanquished.

Vanquished Creatures (others)
  A draconian scorcher (Zot:3)
  A deep elf annihilator (Elf:3)
  A fire dragon (Depths:3)
  A ragged hierophant (Desolation)
  A tengu warrior (Depths:1)
  A deep elf knight (Elf:1)
  2 salamander mystics
  2 deep elf zephyrmancers
  A manticore (Shoals:4)
  2 tengu conjurers
  4 humans (D:13)
  2 centaurs (D:13)
  A bush (Lair:5)
  12 demonic plants (Abyss:3)
  10 fungi
  87 plants
  9 starspawn tentacles (Abyss:3)
  8 tentacles
  3 toadstools (Depths:2)
149 creatures vanquished.

Grand Total: 2298 creatures vanquished

Notes
Turn   | Place    | Note
-------+----------+-------------------------------------------
     0 | D:1      | freelancePsychic the Gargoyle Fighter began the quest for
                  | the Orb.
     0 | D:1      | Reached XP level 1. HP: 14/14 MP: 1/1
    73 | D:2      | Reached XP level 2. HP: 16/19 MP: 2/2
   119 | D:2      | Found a faded altar of an unknown god.
   160 | D:2      | Prayed at the altar of an unknown god.
   160 | D:2      | Became a worshipper of Cheibriados the Contemplative
   160 | D:2      | Reached * piety under Cheibriados
   500 | D:2      | Reached XP level 3. HP: 23/23 MP: 3/3
   629 | D:2      | Reached skill level 1 in Stealth
   649 | D:2      | Reached ** piety under Cheibriados
   699 | D:2      | Reached XP level 4. HP: 21/28 MP: 4/4
   840 | D:2      | Found Wygoluta's Distillery.
  1347 | D:1      | Reached *** piety under Cheibriados
  1348 | D:1      | Reached XP level 5. HP: 30/32 MP: 5/5
  2014 | D:3      | Found an iron altar of Okawaru.
  2496 | D:3      | Reached **** piety under Cheibriados
  2567 | D:4      | Found Vacs's Antique Armour Boutique.
  2592 | D:4      | Reached skill level 5 in Maces & Flails
  2592 | D:4      | Reached XP level 6. HP: 29/37 MP: 6/6
  2639 | D:4      | Bought a glowing ring mail for 175 gold pieces
  2678 | D:4      | Noticed Robin
  2693 | D:4      | Killed Robin
  2929 | D:4      | Found a shadowy altar of Dithmenos.
  3484 | D:5      | Entered Level 5 of the Dungeon
  3549 | D:5      | Reached skill level 4 in Fighting
  3578 | D:5      | Found a glowing drain.
  3601 | Sewer    | Entered a sewer
  3649 | Sewer    | Noticed Pargi
  3660 | Sewer    | Killed Pargi
  3661 | Sewer    | Reached XP level 7. HP: 43/43 MP: 7/7
  3923 | D:5      | Reached skill level 5 in Fighting
  3923 | D:5      | Reached XP level 8. HP: 49/49 MP: 8/8
  3937 | D:5      | Reached skill level 5 in Stealth
  3940 | D:5      | Identified the +5 ring mail of Leapfrog {rPois rC+ Regen+
                  | Slay-4 Stlth+}
  4046 | D:5      | Found a bloodstained altar of Trog.
  4270 | D:5      | Reached ***** piety under Cheibriados
  4323 | D:5      | Reached skill level 6 in Fighting
  4371 | D:5      | Found a runed translucent gate.
  4371 | D:5      | Found a runed translucent gate.
  4371 | D:5      | Found a runed translucent gate.
  4372 | D:5      | Noticed Bravis's ghost (novice DjTm)
  4372 | D:5      | Noticed Pooter's ghost (novice TrFi)
  4782 | D:6      | Found a staircase to the Ecumenical Temple.
  4853 | Temple   | Entered the Ecumenical Temple
  5262 | D:6      | Found a snail-covered altar of Cheibriados.
  5263 | D:6      | Found a basalt altar of Yredelemnul.
  5424 | D:7      | Reached skill level 1 in Invocations
  5490 | D:7      | Reached XP level 9. HP: 55/55 MP: 8/10
  5570 | D:7      | Found a burning altar of Makhleb.
  6358 | D:8      | Found a glowing golden altar of the Shining One.
  6423 | D:8      | Reached skill level 7 in Fighting
  6695 | D:8      | Reached XP level 10. HP: 61/64 MP: 13/13
  6719 | D:8      | Reached skill level 8 in Fighting
  6719 | D:8      | Reached skill level 5 in Invocations
  6736 | D:8      | Reached skill level 10 in Maces & Flails
  7035 | D:8      | Noticed Maggie
  7243 | D:9      | Noticed a two-headed ogre
  7251 | D:9      | Reached ****** piety under Cheibriados
  7286 | D:9      | Killed a two-headed ogre
  7534 | D:9      | Found a radiant altar of Vehumet.
  7622 | D:9      | Reached skill level 9 in Fighting
  7777 | D:9      | Found an opulent altar of Gozag.
  7777 | D:9      | Found a sparkling altar of Nemelex Xobeh.
  8060 | D:10     | Entered Level 10 of the Dungeon
  8073 | D:9      | Reached XP level 11. HP: 61/71 MP: 14/16
  8639 | D:10     | Noticed a two-headed ogre
  8692 | D:10     | Found a staircase to the Orcish Mines.
  8882 | D:10     | Found a shimmering blue altar of Sif Muna.
  9119 | D:10     | Noticed a two-headed ogre
  9133 | D:10     | Killed a two-headed ogre
  9231 | D:10     | Reached skill level 10 in Fighting
  9366 | D:10     | Noticed a two-headed ogre
  9476 | D:10     | Killed a two-headed ogre
  9676 | D:10     | Killed a two-headed ogre
  9737 | D:10     | Reached XP level 12. HP: 74/77 MP: 18/18
 10097 | D:11     | Reached skill level 1 in Dodging
 10324 | D:11     | Noticed a two-headed ogre
 10338 | D:11     | Killed a two-headed ogre
 10470 | D:11     | Noticed a boulder beetle
 10485 | D:11     | Killed a boulder beetle
 10488 | D:11     | Identified the +8 glaive of Freehold {speed, SInv}
 10489 | D:11     | Noticed a death knight
 10709 | D:11     | Found a staircase to the Lair.
 10923 | D:11     | Killed a death knight
 10924 | D:11     | Reached skill level 15 in Maces & Flails
 11130 | D:11     | Identified the +5 short sword "Diusuj" {vamp, Str+4}
 11154 | D:11     | Identified the +6 arbalest of Itits {flame, Str+4}
 11681 | Lair:1   | Entered Level 1 of the Lair of Beasts
 11731 | Lair:1   | Found an ornate altar of the Wu Jian Council.
 11732 | Lair:1   | Found a hide-covered altar of Uskayaw.
 11732 | Lair:1   | Noticed a boulder beetle
 11751 | Lair:1   | Killed a boulder beetle
 11936 | Lair:1   | Reached XP level 13. HP: 73/82 MP: 19/19
 12024 | Lair:1   | Reached skill level 5 in Dodging
 12817 | D:2      | Bought a potion of degeneration for 14 gold pieces
 12817 | D:2      | Bought a potion of heal wounds for 70 gold pieces
 12817 | D:2      | Bought a potion of invisibility for 112 gold pieces
 12817 | D:2      | Bought a potion of heal wounds for 70 gold pieces
 12818 | D:2      | Bought a potion of curing for 42 gold pieces
 13140 | Lair:2   | Noticed Sonja
 13147 | Lair:2   | Killed Sonja
 13226 | Lair:2   | Found a staircase to the Snake Pit.
 13486 | Lair:2   | Found a staircase to the Shoals.
 13513 | Lair:2   | Noticed Amaemon
 13529 | Lair:2   | Killed Amaemon
 14243 | Lair:3   | Reached skill level 10 in Dodging
 14518 | Lair:3   | Gained mutation: Your large and strong wings let you fly.
                  | [Gargoyle growth]
 14518 | Lair:3   | Reached XP level 14. HP: 81/88 MP: 20/20
 14608 | Lair:3   | Noticed Snorg
 14624 | Lair:3   | Killed Snorg
 14940 | Lair:3   | Noticed Gastronok
 14961 | Lair:3   | Killed Gastronok
 14962 | Lair:3   | Reached skill level 5 in Armour
 15577 | Lair:4   | Reached skill level 11 in Fighting
 15668 | Lair:4   | Identified the ring "Ogeynum" {+Blink rElec rF- Str+6}
 16123 | Lair:4   | Identified a scroll of acquirement
 16123 | Lair:4   | Acquired 1032 gold pieces
 16135 | Lair:4   | You are sucked into a shaft and drop 1 floor!
 16135 | Lair:5   | Entered Level 5 of the Lair of Beasts
 16332 | Lair:5   | Reached skill level 12 in Fighting
 16431 | Lair:5   | Found a viscous altar of Jiyva.
 16431 | Lair:5   | Found a staircase to the Slime Pits.
 17045 | Lair:5   | Reached skill level 13 in Fighting
 17064 | Lair:5   | Reached XP level 15. HP: 91/98 MP: 21/21
 17236 | Lair:5   | Reached skill level 10 in Armour
 18084 | Orc:1    | Entered Level 1 of the Orcish Mines
 18291 | Orc:1    | Noticed an orc warlord
 18311 | Orc:1    | Killed an orc warlord
 18765 | Orc:2    | Entered Level 2 of the Orcish Mines
 18890 | Orc:2    | Found a staircase to the Elven Halls.
 19130 | Orc:2    | Reached skill level 14 in Fighting
 19311 | Orc:2    | Noticed an orc warlord
 19348 | Orc:2    | Killed an orc warlord
 19351 | Orc:2    | Paralysed by an orc sorcerer for 3 turns
 19682 | Orc:2    | Found Biwkirghi's Antique Armour Shop.
 19683 | Orc:2    | Found Hiath's Antique Weapon Boutique.
 19685 | Orc:2    | Found Amar's General Store.
 19685 | Orc:2    | Found Kiem's Jewellery Shop.
 19822 | Orc:2    | Bought a scroll of fog for 52 gold pieces
 19822 | Orc:2    | Bought 2 potions of might for 104 gold pieces
 19822 | Orc:2    | Bought a potion of might for 52 gold pieces
 19830 | Orc:2    | Bought a fading scale mail for 324 gold pieces
 19830 | Orc:2    | Identified the +5 scale mail of Follow the Leader {rElec}
                  | (You bought it in a shop on level 2 of the Orcish Mines)
 20098 | D:12     | Identified the +1 robe of Moral Flaws {Drain rElec rCorr
                  | Str+4}
 20344 | D:12     | Found a hide-covered altar of Uskayaw.
 20597 | D:13     | Noticed Kirke
 20621 | D:13     | Killed Kirke
 20627 | D:13     | Reached skill level 15 in Fighting
 20914 | D:13     | Noticed Nessos
 20924 | D:13     | Killed Nessos
 21030 | D:13     | Found a gate to the Vaults.
 21048 | D:13     | Reached skill level 10 in Invocations
 21055 | D:13     | Reached XP level 16. HP: 65/108 MP: 8/23
 22553 | D:14     | Found a glowing golden altar of the Shining One.
 22734 | D:15     | Entered Level 15 of the Dungeon
 22830 | D:15     | Found Ociulli's Armour Shoppe.
 22930 | D:15     | Found Qywkyufu's Weapon Boutique.
 23106 | D:15     | Reached skill level 5 in Shields
 23138 | D:15     | Found Jivie's Distillery.
 23159 | D:15     | Bought a potion of brilliance for 48 gold pieces
 23159 | D:15     | Bought a potion of ambrosia for 96 gold pieces
 23159 | D:15     | Bought a potion of curing for 36 gold pieces
 23247 | D:15     | Found Zomaom Qias's General Store.
 23494 | Abyss:2  | Cast into level 2 of the Abyss (a wizard)
 23611 | Abyss:2  | Found a corrupted altar of Lugonu.
 23670 | Abyss:2  | Noticed a lich
 23683 | Abyss:2  | Killed a lich
 23785 | D:15     | Escaped the Abyss
 23810 | D:15     | Found a staircase to the Depths.
 24374 | Snake:1  | Entered Level 1 of the Snake Pit
 24469 | Snake:1  | Noticed a nagaraja
 24477 | Snake:1  | Killed a nagaraja
 24533 | Snake:1  | Found Raromn's Jewellery Boutique.
 24533 | Snake:1  | Found Rezus's Book Emporium.
 24534 | Snake:1  | Found Hahunil's Book Emporium.
 24544 | Snake:1  | Bought a ring of protection from fire for 275 gold pieces
 24580 | Snake:1  | Reached XP level 17. HP: 84/115 MP: 21/26
 24869 | Snake:1  | Reached skill level 16 in Fighting
 25232 | Snake:2  | Reached skill level 10 in Shields
 25603 | Snake:2  | Noticed Vashnia
 25667 | Snake:2  | Found a burning altar of Makhleb.
 26841 | Snake:2  | Reached skill level 17 in Fighting
 27374 | Snake:2  | Killed Vashnia
 27738 | Snake:3  | Reached XP level 18. HP: 124/124 MP: 27/27
 28257 | Snake:4  | Entered Level 4 of the Snake Pit
 29028 | Snake:4  | Reached skill level 15 in Shields
 29103 | Snake:4  | Reached skill level 18 in Fighting
 29114 | Snake:4  | Got a serpentine rune of Zot
 29234 | Snake:4  | Found Zipnor's Antique Weapon Emporium.
 29236 | Snake:4  | Found Kenwicy's Assorted Antiques.
 29238 | Snake:4  | Found Vialyeb's General Store.
 29244 | Snake:4  | Bought a scroll of blinking for 210 gold pieces
 29246 | Snake:4  | Bought a scroll of teleportation for 45 gold pieces
 29246 | Snake:4  | Bought a scroll of blinking for 112 gold pieces
 29246 | Snake:4  | Bought a scroll of immolation for 60 gold pieces
 29246 | Snake:4  | Bought a potion of heal wounds for 75 gold pieces
 29246 | Snake:4  | Bought a scroll of magic mapping for 112 gold pieces
 30086 | Shoals:1 | Entered Level 1 of the Shoals
 30294 | Shoals:1 | Noticed Jorgrun
 30584 | Shoals:1 | Found Sumummao's Visitors' Centre.
 30777 | Shoals:1 | Bought a phial of floods for 680 gold pieces
 30954 | Shoals:2 | Found a bloodstained altar of Trog.
 30963 | Shoals:2 | Noticed Wiyr's ghost (adept DsHW)
 30971 | Shoals:2 | Found Tarih's Distillery.
 30980 | Shoals:2 | Bought a potion of ambrosia for 152 gold pieces
 30980 | Shoals:2 | Bought a potion of resistance for 190 gold pieces
 30980 | Shoals:2 | Bought a potion of curing for 57 gold pieces
 31000 | Shoals:2 | Found a transporter.
 31044 | Shoals:2 | Found a transporter.
 31612 | Shoals:3 | Found a transporter.
 31615 | Shoals:3 | Noticed Zugaegat's ghost (journeyman DEDe)
 31837 | Shoals:3 | Found a transporter.
 31855 | Shoals:3 | Identified the +1 pair of gloves "Pemno" {rC++ Dex-5
                  | Slay+3}
 31879 | Shoals:3 | Reached XP level 19. HP: 132/132 MP: 28/28
 31911 | Shoals:3 | Identified the +2 pair of boots "Qojev" {rPois}
 31968 | Shoals:4 | Entered Level 4 of the Shoals
 32757 | Shoals:4 | Reached skill level 19 in Fighting
 32965 | Shoals:4 | Identified the +3 shadow dragon scales "Utasink" {rF+ rC+
                  | Stlth++++}
 33041 | Shoals:4 | Identified the +9 scimitar "Ratel" {flame, rC+}
 33110 | Shoals:4 | Identified the +11 hand axe of Dried Tears {antimagic, rC+
                  | SInv}
 33763 | Shoals:4 | Got a barnacled rune of Zot
 34041 | Elf:1    | Entered Level 1 of the Elven Halls
 34464 | Elf:1    | Paralysed by an air elemental for 1 turns
 34560 | Elf:1    | Reached skill level 1 in Evocations
 34734 | Elf:1    | Noticed an Ice Fiend
 34740 | Elf:1    | Noticed a Brimstone Fiend
 35167 | Elf:2    | Noticed a Tzitzimitl
 35250 | Elf:2    | Noticed a Hell Sentinel
 35254 | Elf:2    | Noticed an Ice Fiend
 35321 | Elf:2    | Noticed Agnes
 35328 | Elf:1    | Killed Agnes
 35447 | Elf:2    | Paralysed by an air elemental for 1 turns
 35451 | Elf:1    | Paralysed by an air elemental for 1 turns
 35500 | Elf:2    | Reached skill level 20 in Fighting
 35703 | Elf:2    | Reached XP level 20. HP: 140/140 MP: 29/29
 35993 | Elf:2    | Found a runed translucent gate.
 35993 | Elf:2    | Found a runed translucent gate.
 35995 | Elf:2    | Found a runed translucent gate.
 36397 | Elf:3    | Entered Level 3 of the Elven Halls
 36570 | Elf:3    | Reached skill level 5 in Evocations
 36704 | Elf:3    | Reached skill level 15 in Armour
 36866 | Elf:3    | Acquired a manual of Armour
 37310 | Elf:3    | Noticed Asterion
 37322 | Elf:3    | Identified the +10 flail of the Grave {spect, rPois rF+
                  | rCorr}
 37346 | Elf:3    | Identified the amulet of Lusisch {RegenMP rN++ Int+2}
 37535 | Abyss:3  | Cast into level 3 of the Abyss (a deep elf demonologist)
 37556 | Abyss:3  | Gained mutation: You have a beak for a mouth. [a neqoxec]
 37559 | Abyss:3  | Noticed a bone dragon
 37578 | Abyss:3  | Gained mutation: Your muscles are strong. (Str +4, Int/Dex
                  | -1) [a neqoxec]
 37592 | Abyss:3  | Gained mutation: You are dopey. (Int -2) [a neqoxec]
 37610 | Abyss:3  | Gained mutation: You are frail. (-10% HP) [a neqoxec]
 37641 | Abyss:3  | Paralysed by accursed screaming for 1 turns
 37646 | Abyss:3  | Paralysed by accursed screaming for 1 turns
 37701 | Abyss:3  | Got an abyssal rune of Zot
 37794 | Abyss:3  | Lost mutation: You have a beak for a mouth. [potion of
                  | mutation]
 37794 | Abyss:3  | Lost mutation: You are dopey. (Int -2) [potion of mutation]
 37794 | Abyss:3  | Lost mutation: Your muscles are strong. (Str +4, Int/Dex
                  | -1) [potion of mutation]
 37794 | Abyss:3  | Lost mutation: You are extremely frail. (-30% HP) [potion
                  | of mutation]
 38158 | Abyss:3  | Found a corrupted altar of Lugonu.
 38216 | Abyss:3  | Found a corrupted altar of Lugonu.
 38223 | Abyss:3  | Found a corrupted altar of Lugonu.
 38404 | Abyss:3  | Found a corrupted altar of Lugonu.
 38435 | Elf:3    | Escaped the Abyss
 38522 | Elf:2    | Killed Asterion
 38666 | Abyss:3  | Cast into level 3 of the Abyss (a deep elf demonologist)
 38763 | Abyss:3  | Found a corrupted altar of Lugonu.
 38840 | Elf:3    | Escaped the Abyss
 39021 | Elf:3    | Reached XP level 21. HP: 146/146 MP: 30/30
 39314 | Elf:3    | Identified the +4 hand axe of Dullness {flame, Fragile
                  | +Blink rF+ Str+3}
 39314 | Elf:3    | Identified the amulet of Ocieh {Reflect rF+ Dex+2 SH+5}
 39315 | Elf:3    | Identified the ring "Bevirio" {rC+ Str+4}
 39467 | Elf:3    | Identified the +2 pair of gloves of Keturch Zaant {-Cast
                  | Harm rF+ Dex+3}
 39819 | Depths:1 | Entered Level 1 of the Depths
 39819 | Depths:1 | Found a corrupted altar of Lugonu.
 39904 | Vaults:1 | Entered Level 1 of the Vaults
 39978 | Vaults:1 | Found a crumbling gateway.
 39984 | Desolati | Entered the Desolation of Salt
 40175 | Desolati | Found the +3 giant club "Skullcrusher" {speed, Str+7}
 40424 | Desolati | Got Ridat's Precepts of Ruinous Maleficent Mysteries
 40586 | Desolati | Identified the +9 quarterstaff "Haurch" {elec, rElec Will+}
 40639 | Desolati | Identified the +3 swamp dragon scales "Nuungin" {rPois MP-9
                  | Str+7}
 40646 | Desolati | Got the Vellum of the True Pharaoh
 40718 | Desolati | Identified the +11 scimitar of the Loving Madman {holy,
                  | Int+4}
 40848 | Desolati | Identified the ring "Woaq Xen" {Contam rF+ rC+ rN+ rCorr}
 40883 | Desolati | Identified the ring "Zinot" {rElec Int+6 Dex+3}
 40890 | Desolati | Identified the +2 cloak of Darkness {Will+ Dex+5}
 41586 | Vaults:1 | Identified the +10 long sword of Skirmishing {heavy, Drain
                  | Fly rPois}
 42472 | Vaults:2 | Found a staircase to the Crypt.
 42472 | Vaults:2 | Found an ancient bone altar of Kikubaaqudgha.
 42473 | Vaults:2 | Found a basalt altar of Yredelemnul.
 42897 | Vaults:2 | Reached XP level 22. HP: 152/152 MP: 32/32
 43192 | Vaults:2 | Found a transporter.
 43287 | Vaults:2 | Found Geqoga Deicw's Armour Shoppe.
 43594 | Abyss:3  | Cast into level 3 of the Abyss (a wizard)
 43602 | Vaults:3 | Escaped the Abyss
 44052 | Vaults:3 | Reached skill level 21 in Fighting
 44302 | Vaults:3 | Reached skill level 15 in Invocations
 44761 | Vaults:3 | Identified the ring "Upovimes" {Ice Will+}
 45325 | Vaults:4 | Reached XP level 23. HP: 84/160 MP: 34/34
 46506 | Depths:1 | Found a runed translucent gate.
 46507 | Depths:1 | Found a runed translucent gate.
 46510 | Depths:1 | Noticed Janeylunn's ghost (veteran GnWn)
 46601 | Depths:1 | Found a gateway to Hell.
 46676 | Depths:1 | Noticed Nikola
 46692 | Depths:1 | Killed Nikola
 46841 | Depths:1 | Found a one-way gate leading to the halls of Pandemonium.
 46937 | Depths:1 | Identified the ring of Hospitality {rC++ rCorr}
 46938 | Depths:1 | Found a runed translucent gate.
 46967 | Depths:1 | You are sucked into a shaft and drop 1 floor!
 46967 | Depths:2 | Found a corrupted altar of Lugonu.
 46967 | Depths:2 | Found a one-way gate to the infinite horrors of the Abyss.
 47004 | Depths:1 | Found an iron altar of Okawaru.
 47571 | Depths:1 | Reached skill level 22 in Fighting
 48396 | Depths:2 | Reached skill level 15 in Dodging
 48459 | Depths:2 | Identified the +12 tower shield of the Slug {rPois Str+2
                  | SInv}
 48459 | Depths:2 | Noticed Mennas
 49106 | Depths:3 | Reached skill level 10 in Evocations
 49387 | Depths:3 | Reached XP level 24. HP: 168/168 MP: 34/34
 49628 | Depths:3 | Found a one-way gateway to a ziggurat.
 49700 | Depths:3 | Found a radiant altar of Vehumet.
 49774 | Depths:3 | Identified the +5 ring mail of the Barnacle {rC++ Int+3}
 49885 | Depths:4 | Entered Level 4 of the Depths
 50323 | Depths:4 | Reached skill level 23 in Fighting
 50749 | Depths:4 | Found a gate to the Realm of Zot.
 50831 | Depths:4 | Identified the +0 chain mail "Zovibo" {Int+2}
 50897 | Zot:1    | Entered Level 1 of the Realm of Zot
 50930 | Zot:2    | Noticed an orb of fire
 51036 | Zot:1    | Noticed an orb of fire
 51058 | Zot:1    | Gained mutation: Your spells are a little easier to cast,
                  | but a little less powerful. [an orb of fire]
 51060 | Zot:1    | Killed an orb of fire
 51201 | Zot:1    | Found a transporter.
 51208 | Zot:1    | Found a transporter.
 51295 | Zot:1    | Reached skill level 24 in Fighting
 51541 | Zot:1    | Found a transporter.
 51942 | Zot:1    | Found a transporter.
 52289 | Zot:1    | Killed an orb of fire
 52290 | Zot:1    | Reached skill level 25 in Fighting
 52371 | Zot:1    | Reached XP level 25. HP: 140/182 MP: 35/35
 52790 | Zot:2    | Reached skill level 26 in Fighting
 53296 | Zot:2    | Found a hazy altar of Hepliaklqana.
 53303 | Zot:2    | Identified the +2 pair of gloves "Bycvouqi" {Will+ Int+4
                  | Dex-2 SInv}
 53745 | Zot:3    | Reached skill level 27 in Fighting
 54117 | Zot:3    | Acquired 782 gold pieces
 54125 | Zot:3    | You are sucked into a shaft and drop 1 floor!
 55360 | Zot:5    | Entered Level 5 of the Realm of Zot
 55379 | Zot:5    | Identified the +0 scale mail of Tenacity {rN+ Str+4}
 55578 | Zot:5    | Reached XP level 26. HP: 193/193 MP: 35/35
 55680 | Zot:5    | Noticed an ancient lich
 55690 | Zot:5    | Killed an ancient lich
 55719 | Zot:5    | Noticed a Killer Klown
 55748 | Zot:5    | Noticed an orb of fire
 55748 | Zot:5    | Noticed an orb of fire
 55749 | Zot:5    | Noticed an orb of fire
 55909 | Zot:5    | Noticed an orb of fire
 55912 | Zot:5    | Noticed an orb of fire
 55913 | Zot:5    | Noticed a Killer Klown
 55929 | Zot:5    | Gained mutation: Your body sometimes deteriorates upon
                  | taking damage. [an orb of fire]
 55931 | Zot:5    | Killed an orb of fire
 55939 | Zot:5    | Killed an orb of fire
 55977 | Zot:5    | Gained mutation: You are weak. (Str -2) [an orb of fire]
 55979 | Zot:5    | Killed an orb of fire
 55996 | Zot:5    | Killed a Killer Klown
 56084 | Zot:5    | Noticed an orb of fire
 56108 | Zot:5    | Noticed a dread lich
 56122 | Zot:5    | Killed an orb of fire
 56139 | Zot:5    | Paralysed by a dread lich for 4 turns
 56145 | Zot:5    | Killed a dread lich
 56187 | Zot:5    | Noticed a Killer Klown
 56194 | Zot:5    | Noticed a Killer Klown
 56195 | Zot:5    | Noticed an orb of fire
 56198 | Zot:5    | Noticed a dread lich
 56210 | Zot:5    | Killed an orb of fire
 56210 | Zot:5    | Killed a Killer Klown
 56213 | Zot:5    | Killed a dread lich
 56221 | Zot:5    | Killed a Killer Klown
 56324 | Zot:5    | Killed an orb of fire
 56411 | Zot:5    | Noticed a Killer Klown
 56421 | Zot:5    | Killed a Killer Klown
 56439 | Zot:5    | Noticed a Killer Klown
 56443 | Zot:5    | Noticed a Killer Klown
 56456 | Zot:5    | Gained mutation: You are very weak. (Str -4) [an orb of
                  | fire]
 56459 | Zot:5    | Killed an orb of fire
 56478 | Zot:5    | Killed a Killer Klown
 56479 | Zot:5    | Reached XP level 27. HP: 173/199 MP: 36/36
 56686 | Zot:5    | Got the Orb of Zot
 57295 | D:$      | Escaped with the Orb!

Illustrated notes

Levels and vault maps discovered:
D:1:      onia_arrival_pentagram, layout_basic, kennysheep_doodads,
          minmay_hexomino_c4
D:2:      minmay_razor_zed, layout_rooms, serial_shops,
          nicolae_shop_advertising_works [nicolae_subvault_shop_adworks],
          chequers_ecumenical_altar_grove, kennysheep_decorative_pillar
D:3:      layout_loops_ring, mainiacjoe_overflow_catwalk
D:4:      layout_basic, grunt_dithmenos_smoke_and_mirrors, serial_shops,
          nicolae_stop_n_shop_2, uniq_robin
D:5:      minmay_clustersquares, layout_rooms, nicolae_overflow_hidden_temple,
          lemuel_round_altar, cheibrodos_sewer_entry_drain,
          gammafunk_ghost_cemetery, corexii_item_surrounded_by_moat,
          small_statue_intersection
D:6:      layout_basic, mainiacjoe_overflow_divided_tiny,
          minmay_temple_entry_drinking_statues
D:7:      layout_loops_ring, makhleb_blood_cavern_becter, eino_tiny_chamber
D:8:      layout_loops_cross, lemuel_doored_altar, uniq_maggie
D:9:      cheibrodos_helix_gallery, layout_rooms,
          grunt_temple_overflow_opulence, lemuel_round_altar
D:10:     minmay_four_partial_circles, layout_irregular_city,
          mainiacjoe_overflow_cross_hatched,
          kennysheep_orc_monster_closet_entryway
D:11:     minmay_the_grid_triangle_9x9_rhombus_thin
          [minmay_the_grid_triangle_9x9_descending_squares,
          minmay_the_grid_triangle_9x9_prize_center,
          minmay_the_grid_triangle_9x9_shrine,
          minmay_the_grid_triangle_9x9_alien], layout_basic, lair_entry_dummy
D:12:     layout_rooms, nicolae_uskayaw_suspiria
D:13:     layout_basic, lightli_vaults_fourway_checkpoint, special_room
          [special_room_orc], uniq_kirke, uniq_nessos
D:14:     layout_basic, nicolae_tso_carved_into_rock
D:15:     grunt_enter_depths_magical_seal, layout_basic, serial_shops, shop,
          shop, shop, shop
Temple:   zaba_magenta_temple
Lair:1:   layout_hall_layers, nzn_masters_of_martial_movement,
          grunt_megastairs_1, lemuel_fruit_fields, lemuel_fruit_tree
Lair:2:   layout_gridlike, minmay_shoals_entry_beasts,
          minmay_snake_entry_six_corridors, uniq_amaemon, uniq_sonja
Lair:3:   layout_layer_cave, infiniplex_staircase_pool_2, grunt_megastairs_3,
          uniq_snorg, uniq_gastronok
Lair:4:   layout_loops_ring
Lair:5:   evilmike_catoblepas_cave, layout_regular_city, slime_entry_1,
          minivault_11, serial_bayou_shore_a
Shoals:1: nicolae_shoals_mermall, layout_shoals, uniq_jorgrun
Shoals:2: layout_shoals, gammafunk_ghost_wrathful_warriors, serial_shops,
          nicolae_diamond_shop
Shoals:3: layout_shoals, gammafunk_ghost_berserking_beasts
Shoals:4: shoals_end_simple, layout_shoals, overgrown_hall
Snake:1:  layout_misc_corridors, nrook_guardian_serpent_double,
          minmay_shop_grove
Snake:2:  cheibrodos_forgotten_conduit, layout_onion_interference, basic_altar,
          grunt_ministairs_1, guppyfry_snake_island, uniq_vashnia
Snake:3:  layout_rooms
Snake:4:  johnstein_snake_rune_scales, layout_cave_town, minmay_shop_star,
          serial_bayou_shore_b
Orc:1:    layout_caves, basic_altar, rock_pile
Orc:2:    st_orc_congregation, layout_diamond_mine, guppyfry_library_mini
Elf:1:    layout_rooms, hangedman_corner_corridor, roderic_roman_lattice,
          lemuel_upstairs_altar
Elf:2:    elven_hall_of_blades_hangedman_original
          [nicolae_blade_entry_antechamber], layout_loops_corners, uniq_agnes
Elf:3:    minmay_elf_hall_furrowed, layout_onion_city,
          amcnicky_mini_rare_corridor_liquid, minivault_25_ag,
          amcnicky_mini_corridor_feature, minivault_20, uniq_asterion
Vaults:1: portal_desolation_entry_ruin, nicolae_vaults_little_squares_1,
          ontoclasm_vaults_ring_square, v_misc_5, vaults_mumra_hexcomb,
          vaults_room_corners, grunt_vaults_diagonal, ontoclasm_vaults_pinch,
          vaults_room_corners, layout_vaults_big_room
Vaults:2: ontoclasm_vaults_loading_screen, grunt_vaults_trifunnel, v_rooms_6,
          emtedronai_trogs_sanctum, vaults_room_octagon,
          nicolae_vaults_sealed_display, v_misc_11, ontoclasm_vaults_fault,
          minmay_crypt_entry_necro_gods, nicolae_vaults_network_barrier,
          vaults_dpeg_hooks, ontoclasm_vaults_loading_screen,
          hangedman_vaults_stretched_pinwheel, nicolae_vaults_mini_display_case,
          layout_vaults_maze_bifur, serial_shops, shop_fountains
Vaults:3: hangedman_vaults_slice, dpeg_vaults_pockets_of_resistance,
          nicolae_vaults_specimen_jars, ontoclasm_vaults_ring_large,
          ontoclasm_vaults_gateway, ontoclasm_vaults_ring_square,
          vaults_room_grid, v_misc_1, nicolae_vaults_angled_halls,
          hangedman_vaults_slice, vaults_dpeg_encased_lava,
          ontoclasm_vaults_ring_small, hangedman_vaults_slice,
          nicolae_vaults_little_squares_3, vaults_mumra_chevron,
          layout_vaults_omnibox
Vaults:4: vaults_room_door_ring, v_misc_2, vaults_dpeg_spiral,
          ontoclasm_vaults_ring_small, vaults_standard_mumra_enter_the_diamond,
          nicolae_vaults_three_branches, v_pattern_2,
          nicolae_vaults_back_hallway, nicolae_vaults_hallways_thing,
          hangedman_vaults_trim, vaults_room_corners, ontoclasm_vaults_ligature,
          nicolae_vaults_asterisk, nicolae_vaults_little_squares_1,
          layout_vaults_ring
Depths:1: layout_twisted_cross, hangedman_coc_ice_floe, gammafunk_ghost_split,
          okawaru_gym_becter, pan_entry, minmay_curled_crystal, eino_curves_01,
          tgw_lugonu_bribe, uniq_nikola
Depths:2: evilmike_silver_temple, layout_cave_pools, serial_rivers,
          chequers_serial_rivers_small_b, chequers_serial_rivers_micro_b,
          chequers_serial_rivers_small_3, chequers_serial_rivers_small_b,
          abyss_entry_flame_altar, rand_demon_pan_entry_9, hell_entry,
          dreamdust_wishing_well, grunt_decor_cap, minmay_gold_behind_fungi,
          library_closet
Depths:3: minmay_firetagon, layout_gridlike, enter_ziggurat_f,
          pf_vacation_house_of_asmodeus, hangedman_abyss_entry_splay,
          nicolae_vehumet_altar_sigil, wad_rectangle_vault
Depths:4: grunt_zot_entry_pinwheel, layout_small_grid, lightli_too_deep,
          lemuel_statue_altar, serial_bayou_shore_b
Zot:1:    layout_gridville, nicolae_transporter_intersection
Zot:2:    layout_misc_corridors, basic_altar, hangedman_zot_decor_tridents,
          grunt_megastairs_2
Zot:3:    kennysheep_room_grid, layout_misc_corridors
Zot:4:    layout_cathedral_of_symmetry
Zot:5:    layout_misc_corridors

Skill      XL: |  1  2  3  4  5  6  7  8  9 10 11 12 13 14 15 16 17 18 19 20 21 22 23 24 25 26 27 |
---------------+----------------------------------------------------------------------------------+-----
Maces & Flails | 3 4 5 6 7 9 11 13 15 16 | 16.0
Stealth        | 1 2 3 4 8 9 |  9.8
Fighting       | 4 5 6 7 9 10 13 15 17 18 20 21 22 25 27 | 27.0
Invocations    | 1 4 6 8 10 13 15 16 19 20 | 20.0
Dodging        | 4 10 12 14 15 16 | 16.3
Armour         | 9 12 13 18 21 22 | 22.0
Shields        | 8 13 16 | 16.0
Evocations     | 3 5 10 13 14 | 14.8

Action                   |  1- 3 |  4- 6 |  7- 9 | 10-12 | 13-15 | 16-18 | 19-21 | 22-24 | 25-27 || total
-------------------------+-------+-------+-------+-------+-------+-------+-------+-------+-------++-------
Melee: Flail             |    72 |       |    57 |   533 |       |       |       |       |       ||   662
       Whip              |    12 |   331 |   413 |    16 |       |       |       |       |       ||   772
       Morningstar       |       |       |       |    49 |   176 |       |       |       |       ||   225
       Demon whip        |       |       |       |       |  1052 |  1761 |  1866 |  1054 |       ||  5733
       Peck              |       |       |       |       |       |       |    35 |       |       ||    35
       Sacred scourge    |       |       |       |       |       |       |       |  1009 |  1339 ||  2348
Throw: Throwing net      |       |       |       |     1 |       |       |       |       |       ||     1
       Dart              |       |       |       |    14 |     2 |     3 |       |     2 |    13 ||    34
Invok: Bend Time         |       |       |     1 |     3 |       |       |       |       |       ||     4
       Slouch            |       |       |       |     3 |     8 |     5 |    12 |     1 |     2 ||    31
       Step From Time    |       |       |       |       |       |     2 |     4 |     2 |     2 ||    10
       Temporal Distorti |       |       |       |       |       |       |       |       |     1 ||     1
Evoke: Wand              |       |       |       |       |     2 |       |     8 |       |       ||    10
       Tin of tremorston |       |       |       |       |       |       |     1 |     5 |     4 ||    10
       Condenser vane    |       |       |       |       |       |       |       |       |     4 ||     4
       Phial of floods   |       |       |       |       |       |       |       |       |     2 ||     2
  Use: Scroll            |       |     8 |     7 |     6 |    14 |     7 |    16 |    11 |     9 ||    78
       Potion            |       |     1 |       |     4 |     4 |       |    17 |     2 |    16 ||    44
 Stab: Sleeping          |       |     6 |    10 |    12 |    31 |    17 |    27 |    17 |     3 ||   123
       Distracted        |       |       |       |     2 |     5 |     3 |    11 |    11 |     4 ||    36
       Held in net/web   |       |       |       |     1 |       |       |       |       |       ||     1
       Invisible         |       |       |       |       |    16 |       |       |       |       ||    16
Armor: Scale mail        |    36 |       |       |       |    50 |   456 |    67 |       |       ||   609
       Ring mail         |    20 |   160 |   166 |   200 |   184 |       |       |       |       ||   730
       Shadow dragon sca |       |       |       |       |       |       |   496 |   567 |   420 ||  1483
Dodge: Dodged            |    49 |   161 |   143 |   190 |   624 |   705 |   875 |  1063 |   854 ||  4664
Block: Buckler           |    19 |    82 |   195 |   314 |   557 |   325 |       |       |       ||  1492
       Reflection        |       |       |     2 |    13 |    12 |   199 |   173 |    23 |       ||   422
       Kite shield       |       |       |       |       |       |  1263 |  2051 |  2056 |  1153 ||  6523

Table legend: (Time is in decaauts)
 A = Elapsed time spent in this place.
 B = Non-inter-level travel time spent in this place.
 C = Inter-level travel time spent in this place.
 D = Time resting spent in this place.
 E = Time spent auto-exploring this place.
 F = Levels seen in this place.
 G = Mean time per level.
                   A        B        C        D        E       F      G
               +--------+--------+--------+--------+--------+-----+--------+
         Total |  86026 |  78507 |   7519 |   3461 |  57868 |  53 | 1623.1 |
       Dungeon |  25871 |  22132 |   3739 |    226 |  17299 |  15 | 1724.7 |
        Temple |    127 |    127 |      0 |    112 |      0 |   1 |  127.0 |
          Lair |   9845 |   8975 |    870 |     91 |   7543 |   5 | 1969.0 |
        Shoals |   5628 |   5165 |    463 |    282 |   3422 |   4 | 1407.0 |
     Snake Pit |   8103 |   7766 |    337 |    971 |   5348 |   4 | 2025.8 |
  Orcish Mines |   2818 |   2463 |    355 |    108 |   1791 |   2 | 1409.0 |
   Elven Halls |   6793 |   6502 |    291 |    815 |   4410 |   3 | 2264.3 |
        Vaults |   8519 |   7886 |    633 |     26 |   6496 |   4 | 2129.8 |
        Depths |   6592 |   6253 |    339 |    130 |   4770 |   4 | 1648.0 |
           Zot |   8206 |   7719 |    487 |    381 |   5023 |   5 | 1641.2 |
         Abyss |   1869 |   1869 |      0 |     78 |    993 |   4 |  467.2 |
         Sewer |    190 |    190 |      0 |     53 |     53 |   1 |  190.0 |
    Desolation |   1459 |   1459 |      0 |    187 |    717 |   1 | 1459.0 |
               +--------+--------+--------+--------+--------+-----+--------+

Top non-repeatable levels by time:
 Snake:2: 3200 daAuts
    D:11: 2978 daAuts
    D:10: 2886 daAuts
    D:13: 2633 daAuts
   Elf:2: 2357 daAuts
  Lair:3: 2356 daAuts
   Elf:3: 2343 daAuts
Vaults:2: 2309 daAuts
   Zot:1: 2295 daAuts
    D:15: 2261 daAuts
Vaults:4: 2258 daAuts
  Lair:5: 2230 daAuts
Vaults:3: 2167 daAuts
   Elf:1: 2092 daAuts
  Lair:2: 2022 daAuts
